 Dungeon Crawl Stone Soup version 0.30-a0-4-ga7cffc901d (webtiles) character file.

Game seed: 7310146877864681151

29 frimble the Digger (level 3, 0/25 HPs)
             Began as a Demonspawn Earth Elementalist on Aug 20, 2022.
             Frozen to death by an endoplasm (5 damage)
             ... on level 2 of the Dungeon.
             The game lasted 00:01:35 (1944 turns).

frimble the Digger (Demonspawn Earth Elementalist)  Turns: 1944, Time: 00:01:36

Health: 0/25       AC:  4    Str:  8    XL:     3   Next: 1%
Magic:  6/6        EV: 12    Int: 16    God:
Gold:   65         SH:  0    Dex: 15    Spells: 5/6 levels left

rFire   . . .      SeeInvis .    i - +0 long sword
rCold   . . .      Faith    .    (no shield)
rNeg    . . .      Spirit   .    a - +1 robe
rPois   .          Reflect  .    (no helmet)
rElec   .          Harm     .    (no cloak)
rCorr   .          Rampage  .    (no gloves)
Will    .....                    (no boots)
Stlth   ++........               (no amulet)
HPRegen 0.08/turn                (no ring)
MPRegen 0.10/turn                (no ring)

@: no status effects
A: ignite blood 1, sharp scales 1
a: no special abilities


You were on level 2 of the Dungeon.
You visited 1 branch of the dungeon, and saw 2 of its levels.

You collected 65 gold pieces.

Inventory:

Hand Weapons
 c - a +0 dagger
 i - a +0 long sword (weapon)
Armour
 a - a +1 robe (worn)
Scrolls
 j - a scroll of summoning {unknown}
Potions
 b - a potion of magic
 d - 2 potions of heal wounds {unknown}
 e - 3 potions of brilliance {unknown}
 h - a potion of curing {unknown}
 k - a potion of invisibility {unknown}
 l - a potion of mutation {unknown}


   Skills:
 + Level 0.8 Fighting
 - Level 1.0(1.2) Short Blades
 + Level 0.7(1.0) Long Blades
 - Level 1.8 Dodging
 - Level 1.8 Stealth
 - Level 2.0 Spellcasting
 - Level 1.5 Transmutations
 - Level 2.7 Earth Magic


You had 5 spell levels left.
You knew the following spells:

 Your Spells              Type           Power      Damage    Failure   Level
a - Sandblast             Erth           20%        2d7       7%          1

Your spell library contained the following spells:

 Spells                   Type           Power      Damage    Failure   Level
 Beastly Appendage        Tmut           12%        N/A       11%         1
 Passwall                 Tmut/Erth      6%         N/A       13%         2
 Wereblood                Tmut           6%         N/A       17%         2
 Freeze                   Ice            4%         1d3       21%         1
 Blink                    Tloc           2%         N/A       30%         2
 Stone Arrow              Conj/Erth      12%        3d7       34%         3
 Spider Form              Tmut/Pois      4%         N/A       41%         3
 Frozen Ramparts          Ice            2%         1d1       52%         3
 Petrify                  Tmut/Erth      8%         N/A       65%         4
 Hailstorm                Conj/Ice       1%         3d3       90%         4
 Manifold Assault         Tloc           1%         N/A       99%         5
 Storm Form               Tmut/Air       2%         N/A       100%        7


Dungeon Overview and Level Annotations

Branches:
Dungeon (2/15)

Altars:

Annotations:
D:2 Sigmund


Innate Abilities, Weirdness & Mutations

Your demonic aura sometimes causes spilled blood to erupt in flames.
You are partially covered in razor-sharp scales. (AC +1, Slay +1)


Message History

The endoplasm hits you. The goblin hits you with a +0 club.
The kobold closely misses you. The bat hits you. The kobold closely misses you.
The endoplasm freezes you.
You are frozen.
The goblin hits you with a +0 club.
You are too injured to fight recklessly!
You are too injured to fight recklessly!
You are too injured to fight recklessly!
You are too injured to fight recklessly!
You are too injured to fight recklessly!
You are too injured to fight recklessly!
You are too injured to fight recklessly!
You are too injured to fight recklessly!
You are too injured to fight recklessly!
You are too injured to fight recklessly!
You are too injured to fight recklessly!
You are too injured to fight recklessly!
You are too injured to fight recklessly!
You are too injured to fight recklessly!
You are too injured to fight recklessly!
You are too injured to fight recklessly!
You completely miss the bat. The bat hits you but does no damage.
The endoplasm closely misses you. The bat completely misses you.
The kobold hits you with a +0 club. The goblin misses you.
You closely miss the bat. The bat barely misses you.
The kobold barely misses you. The endoplasm hits you.
* * * LOW HITPOINT WARNING * * *
The goblin barely misses you. The goblin attacks as you move away!
The goblin misses you. The bat completely misses you.
The bat hits you but does no damage. The bat closely misses you.
Okay, then.
As you read the scroll labelled TUCAAQ REMEGI, it crumbles to dust.
It is a scroll of enchant armour.
Your +0 robe glows green for a moment.
As you read the scroll labelled HAOF UTUNITSO, it crumbles to dust.
The creatures around you are filled with an inner flame!
It was a scroll of immolation.
The endoplasm freezes you.
You are frozen.
You die...

#.#...... ........#
.# #...).#<# #..
..@.#..#
...##....#.###
........##...######
#...#.....#......#
####....##b..####.#
.......#J@..##
##.#g##### #.KK#
#.#.. #.#K.# . ...S
.. ....# .. .$..#
... ##...#


You could see an endoplasm (inner flame), a goblin (inner flame), a bat and a
kobold (inner flame).

Vanquished Creatures
  A dart slug (D:1)
  3 bats (D:1)
  3 endoplasms (D:1)
  A giant cockroach (D:1)
  A hobgoblin (D:1)
  6 ball pythons (D:1)
  2 frilled lizards (D:1)
  4 goblins (D:1)
  4 kobolds (D:1)
  2 rats (D:1)
27 creatures vanquished.

Notes
Turn   | Place    | Note
-------+----------+-------------------------------------------
     0 | D:1      | frimble the Demonspawn Earth Elementalist began the quest
                  | for the Orb.
     0 | D:1      | Reached XP level 1. HP: 13/13 MP: 3/3
   164 | D:1      | Reached skill level 1 in Transmutations
   460 | D:1      | Gained mutation: Your demonic aura sometimes causes spilled
                  | blood to erupt in flames. [demonic ancestry]
   460 | D:1      | Reached XP level 2. HP: 12/19 MP: 3/5
   728 | D:1      | Found a faded altar of an unknown god.
   814 | D:1      | Reached skill level 1 in Short Blades
  1661 | D:1      | Gained mutation: You are partially covered in razor-sharp
                  | scales. (AC +1, Slay +1) [demonic ancestry]
  1661 | D:1      | Reached XP level 3. HP: 24/25 MP: 6/6
  1934 | D:2      | Noticed Sigmund
  1944 | D:2      | Frozen to death by an endoplasm

Illustrated notes

Levels and vault maps discovered:
D:1:      dpeg_arrival_castle, layout_basic,
          dreamdust_ecumenical_altar_hidden_monk_grotto, nrook_campfire,
          minmay_liquid_box, st_stairs_12
D:2:      layout_loops_ring, uniq_jessica, uniq_sigmund

Skill      XL: |  1  2 |
---------------+-------+-----
Transmutations | 1 |  1.5
Short Blades   | 1 |  1.0
Fighting       | |  0.8
Long Blades    | |  0.7
Dodging        | |  1.8
Stealth        | |  1.8
Spellcasting   | |  2.0
Earth Magic    | |  2.7

Action                   || total
-------------------------++-------
Melee: Dagger            ||    45
       Unarmed           ||     2
       Long sword        ||    23
 Cast: Sandblast         ||    10
  Use: Scroll            ||     2
 Stab: Sleeping          ||     2
Armor: Robe              ||    24
Dodge: Dodged            ||    59

Table legend: (Time is in decaauts)
 A = Elapsed time spent in this place.
 B = Non-inter-level travel time spent in this place.
 C = Inter-level travel time spent in this place.
 D = Time resting spent in this place.
 E = Time spent auto-exploring this place.
 F = Levels seen in this place.
 G = Mean time per level.
                   A        B        C        D        E       F      G
               +--------+--------+--------+--------+--------+-----+--------+
         Total |   1957 |   1942 |     15 |      0 |   1709 |   2 |  978.5 |
       Dungeon |   1957 |   1942 |     15 |      0 |   1709 |   2 |  978.5 |
               +--------+--------+--------+--------+--------+-----+--------+

Top non-repeatable levels by time:
     D:1: 1937 daAuts
     D:2: 20 daAuts
